Map: Cosmic Sapphire

Players

Voivoda

  • Race: Protoss Protoss
  • League: Diamond
  • Spawn Location: 11:00

OverPowered - Winner!

  • Race: Protoss Protoss
  • Spawn Location: 5:00

VOD

Have the link to the VOD?

Description

Time

  • Played on: Jan. 5, 2023, 1:09 p.m.
  • Length: 4:43
Show
View Real Time Build Order
Export as new Build Order

Voivoda Protoss 

Build Orders: 1 Gate Expand 

Get SALT Encoding   

  12  0:02  Probe  
  13  0:15  Probe  
  14  0:23  Pylon  
  14  0:28  Probe (Chrono Boost)  
  15  0:40  Probe (Chrono Boost)  
  16  0:44  Gateway  
  16  0:50  Probe  
  16  0:55  Pylon  
  17  1:02  Probe  
  18  1:14  Probe  
  19  1:26  Nexus  
  19  1:35  Cybernetics Core  
  19  1:40  Assimilator  
  19  1:45  Assimilator  
  20  1:47  Probe (Chrono Boost)  
  20  1:57  Pylon, Probe (Chrono Boost)  
  21  2:02  Probe (Chrono Boost)  
  22  2:13  Probe  
  23  2:18  Warp Gate  
  23  2:24  Forge  
  23  2:25  Probe (Chrono Boost)  
  24  2:35  Stalker (Chrono Boost)  
  24  2:36  Probe (Chrono Boost)  
  27  2:40  Probe x2 (Chrono Boost)  
  29  2:46  Shield Battery  
  29  2:51  Pylon  
  29  3:02  Stalker (Chrono Boost)  
  31  3:26  Stalker  
  28  4:05  Probe x2 (Chrono Boost)  
  30  4:16  Probe x2 (Chrono Boost)  
  32  4:20  Probe x2 (Chrono Boost)  
  32  4:21  Photon Cannon  
  32  4:31  Probe x2  
Show
View Real Time Build Order
Export as new Build Order

OverPowered Protoss - Winner!

Build Orders:  

Get SALT Encoding   

  12  0:00  Probe  
  13  0:12  Probe  
  14  0:20  Pylon  
  14  0:24  Probe  
  15  0:38  Probe (Chrono Boost)  
  15  0:39  Gateway  
  16  0:47  Probe (Chrono Boost)  
  16  0:48  Assimilator  
  17  0:52  Probe (Chrono Boost)  
  18  1:03  Gateway  
  18  1:04  Probe  
  19  1:16  Probe  
  20  1:29  Zealot, Cybernetics Core  
  20  1:32  Pylon  
  22  2:01  Zealot x2, Pylon  
  22  2:07  Twilight Council  
  26  2:12  Warp Gate (Chrono Boost)  
  26  2:25  Gateway  
  26  2:30  Gateway  
  26  2:49  Charge (Chrono Boost)  
  26  2:51  Gateway  
  22  3:49  Pylon  
  22  3:53  Zealot x2  
  22  3:54  Zealot x3  
  30  4:22  Zealot x5  
Tags
 
League
Diamond
Matchup
PvP
Spawn Locations
Cross Positions
Add a new tag
Caveats
  • Supply blocks, unpowered buildings, or Contaminate may cause inaccurate times.
  • Supply counts are checked every 10 seconds.